 Dungeon Crawl Stone Soup version 0.29-a0-422-gafbd6decc1 (webtiles) character file.

Game seed: 12547801158578631422

55 quokkamancerX the Bolt Thrower (level 4, 0/33 HPs)
             Began as a Human Hunter on May 19, 2022.
             Succumbed to an adder's poison
             ... on level 2 of the Dungeon.
             The game lasted 00:05:43 (1284 turns).

quokkamancerX the Bolt Thrower (Human Hunter)       Turns: 1284, Time: 00:05:44

Health: 0/33       AC:  3    Str: 14    XL:     4   Next: 14%
Magic:  4/4        EV: 12    Int:  9    God:
Gold:   89         SH:  0    Dex: 22    Spells: 3/3 levels left

rFire   . . .      SeeInvis .   a - +1 hand crossbow
rCold   . . .      Faith    .   (no shield)
rNeg    . . .      Spirit   .   b - +0 leather armour
rPois   .          Reflect  .   (no helmet)
rElec   .          Harm     .   (no cloak)
rCorr   .          Rampage  .   (no gloves)
Will    .....                   (no boots)
Stlth   +++.......              (no amulet)
HPRegen 0.11/turn               m - +6 ring of dexterity
MPRegen 0.09/turn               (no ring)

@: lethally poisoned (0 -> -14)
A: no striking features
a: no special abilities


You were on level 2 of the Dungeon.
You visited 1 branch of the dungeon, and saw 2 of its levels.

You collected 89 gold pieces.

Inventory:

Hand Weapons
 a - a +1 hand crossbow (weapon)
Armour
 b - a +0 leather armour (worn)
Jewellery
 m - a +6 ring of dexterity (left hand)
Scrolls
 c - a scroll of immolation
 e - a scroll of identify {unknown}
 f - 3 scrolls of teleportation {unknown}
 i - a scroll of vulnerability {unknown}
 n - a scroll of fog {unknown}
 o - a scroll of poison {unknown}
 p - a scroll of noise {unknown}
Potions
 d - a potion of mutation {unknown}
 g - a potion of berserk rage {unknown}
 h - a potion of cancellation
 j - a potion of curing {unknown}
 k - a potion of lignification {unknown}
 l - a potion of heal wounds {unknown}


   Skills:
 - Level 2.0 Fighting
 - Level 4.0 Crossbows
 - Level 2.0 Dodging
 + Level 4.0 Stealth


You had 3 spell levels left.
You didn't know any spells.
Your spell library was empty.

Dungeon Overview and Level Annotations

Branches:
Dungeon (2/15)

Altars:


Message History

You are poisoned.
The adder poisons you! The adder barely misses you.
You shoot a bolt. The bolt completely misses the adder.
You feel sick. The adder bites you.
You are more poisoned.
The adder poisons you!
You shoot a bolt. The bolt barely misses the adder.
You feel sick. The adder bites you.
You are more poisoned.
The adder poisons you! The adder bites you but does no damage.
You shoot a bolt. The bolt closely misses the adder.
You feel very sick. The adder bites you.
You are more poisoned.
The adder poisons you! The adder barely misses you.
You are too injured to fight recklessly!
The adder attacks as you move away! The adder bites you.
You feel very sick.
You are too injured to fight recklessly!
It was a potion of cancellation.
You feel magically purged.
You feel very sick. The adder bites you.
* * * LOW HITPOINT WARNING * * *
Shoot: a) +1 hand crossbow
Press: ? - help, Q - select action Shift-Dir - straight line, f/p - adder
Aim: an adder (moderately wounded, 54% to hit)
You shoot a bolt. The bolt hits the adder.
The adder is severely wounded.
* * * LOW HITPOINT WARNING * * *
You feel sick. The adder bites you.
* * * LOW HITPOINT WARNING * * *
The adder bites you.
* * * LOW HITPOINT WARNING * * *
You are more poisoned.
The adder poisons you!
Shoot: a) +1 hand crossbow
Press: ? - help, Q - select action Shift-Dir - straight line, f/p - adder
Aim: an adder (severely wounded, 54% to hit)
You shoot a bolt. The bolt closely misses the adder.
You die...

.....####.### ###..# #.#
..# ....<# #.# ..##
###.## ##'## ..... .##.#
##...## .....
.##.###.....## ......
.##)##.......## #.....#
....#.........####......#
....'.........'.@S....#
..###.........####......#
...###.......## #.#####
..## ##.....## .# ..#
##...## # #.# ##'## ..#
#.# ### #.# ##.##


You could see an adder.

Vanquished Creatures
  A gnoll (D:2)
  A dart slug (D:1)
  3 ball pythons
  3 endoplasms
  3 giant cockroaches
  3 goblins
  4 hobgoblins
  5 kobolds
  3 quokkas (D:1)
  6 bats
  6 frilled lizards
  3 rats
41 creatures vanquished.

Notes
Turn   | Place    | Note
-------+----------+-------------------------------------------
     0 | D:1      | quokkamancerX the Human Hunter began the quest for the Orb.
     0 | D:1      | Reached XP level 1. HP: 16/16 MP: 1/1
   120 | D:1      | Reached XP level 2. HP: 22/22 MP: 2/2
   498 | D:1      | Reached XP level 3. HP: 22/27 MP: 3/3
   954 | D:2      | Reached XP level 4. HP: 25/33 MP: 4/4
  1177 | D:2      | Found a faded altar of an unknown god.
  1284 | D:2      | Succumbed to an adder's poison

Illustrated notes

Levels and vault maps discovered:
D:1:      mushboom_english_gardens, layout_loops_ring, minivault_14
D:2:      layout_loops_corners, serial_rivers, chequers_serial_rivers_micro_a,
          chequers_serial_rivers_micro_e, chequers_serial_rivers_micro_c,
          chequers_serial_rivers_micro_c, chequers_serial_rivers_micro_b,
          hellmonk_ecumenical_altar_arch_garden, kennysheep_generic_room_5

Skill      XL: |  1  2  3  4 |
---------------+-------------+-----
Stealth        | 2 3 4 |  4.0
Fighting       | |  2.0
Crossbows      | |  4.0
Dodging        | |  2.0

Action                   |  1- 3 |  4- 6 || total
-------------------------+-------+-------++-------
 Fire: Hand crossbow     |    74 |    18 ||    92
  Use: Potion            |       |     1 ||     1
Armor: Leather armour    |    12 |     1 ||    13
Dodge: Dodged            |    15 |     5 ||    20

Table legend: (Time is in decaauts)
 A = Elapsed time spent in this place.
 B = Non-inter-level travel time spent in this place.
 C = Inter-level travel time spent in this place.
 D = Time resting spent in this place.
 E = Time spent auto-exploring this place.
 F = Levels seen in this place.
 G = Mean time per level.
                   A        B        C        D        E       F      G
               +--------+--------+--------+--------+--------+-----+--------+
         Total |   1315 |   1308 |      7 |    304 |    112 |   2 |  657.5 |
       Dungeon |   1315 |   1308 |      7 |    304 |    112 |   2 |  657.5 |
               +--------+--------+--------+--------+--------+-----+--------+

Top non-repeatable levels by time:
     D:1: 869 daAuts
     D:2: 446 daAuts
